 Dungeon Crawl Stone Soup version 0.30-a0-561-g1b0378597e (webtiles) character file.

Game seed: 1552272752030631153

35 Gitty the Chopper (level 3, 0/33 HPs)
             Began as a Minotaur Berserker on Dec 28, 2022.
             Was a Follower of Trog.
             Slain by Sigmund
             ... wielding a +0 scythe
              (2 damage)
             ... on level 2 of the Dungeon.
             The game lasted 00:06:24 (1078 turns).

Gitty the Chopper (Minotaur Berserker)              Turns: 1078, Time: 00:06:25

Health: 0/33       AC:  5    Str: 23    XL:     3   Next: 17%
Magic:  2/2        EV: 11    Int:  4    God:    Trog [*.....]
Gold:   59         SH:  0    Dex:  9    Spells: 2/2 levels left

rFire   . . .      SeeInvis .    a - +0 hand axe
rCold   . . .      Faith    .    (no shield)
rNeg    . . .      Spirit   .    f - +0 ring mail
rPois   +          Reflect  .    (helmet restricted)
rElec   +          Harm     .    (no cloak)
rCorr   .          Rampage  .    (no gloves)
Will    .....                    (no boots) Stlth
                                 (no amulet)
HPRegen 0.25/turn                k - ring "Qoxtej" {rElec rPois}
MPRegen 0.08/turn                (no ring)

@: on berserk cooldown, slowed, very slow
A: horns 2, retaliatory headbutt
a: Renounce Religion, Berserk


You were on level 2 of the Dungeon.
You worshipped Trog.
Trog was aware of your devotion.
You visited 1 branch of the dungeon, and saw 2 of its levels.

You collected 59 gold pieces.

Inventory:

Hand Weapons
 a - a +0 hand axe (weapon)
Missiles
 c - 2 throwing nets (quivered)
 o - 2 poisoned darts
Armour
 f - a +0 ring mail (worn)
Jewellery
 g - a ring of protection from fire
 k - the ring "Qoxtej" (left hand) {rElec rPois}
   (You found it on level 2 of the Dungeon)

   [ring of poison resistance]

   rElec:     It insulates you from electricity.
   rPois:     It protects you from poison.
Wands
 m - a wand of mindburst (10)
Scrolls
 b - 3 scrolls of teleportation {unknown}
 h - a scroll of identify {unknown}
 l - a scroll of fear {unknown}
 n - 2 scrolls of vulnerability {unknown}
Potions
 d - a potion of mutation {unknown}
 e - 2 potions of heal wounds {unknown}
 i - a potion of resistance {unknown}
 j - a potion of attraction {unknown}


   Skills:
 + Level 4.2 Fighting
 * Level 4.3 Axes
 + Level 2.4 Armour
 + Level 2.6 Dodging
 + Level 0.2 Stealth


You had 2 spell levels left.
You didn't know any spells.
Your spell library was empty.

Dungeon Overview and Level Annotations

Branches:
Dungeon (2/15)

Altars:
Fedhas

Annotations:
D:2 Sigmund


Innate Abilities, Weirdness & Mutations

You have a pair of horns on your head.
You reflexively headbutt those who attack you in melee.


Message History

You hit Sigmund. Your headbutt misses Sigmund.
Sigmund is heavily wounded.
You barely miss Sigmund. Your headbutt misses Sigmund.
Your punch misses Sigmund.
Sigmund is heavily wounded.
Sigmund casts a spell.
Sigmund flickers and vanishes!
Deactivating autopickup; reactivate with Ctrl-A.
No target in view!
No target in view!
No target in view!
You hear some strange, mumbled words.
You are confused.
Things that are here:
a +0 short sword; a stone You bump into the rock wall.
You feel a strong urge to attack something.
You bump into the rock wall.
Something hits you.
You're too confused to move!
You feel your anger nearly subside.
You are no longer berserk.
You are exhausted.
You feel yourself slow down.
There is a strange disturbance nearby!
You bump into the rock wall.
Something hits you but does no damage. Something hits you.
You hear some strange, mumbled words.
Something tries to affect you, but you resist.
Things that are here:
a +0 short sword; a stone You feel less confused.
Something hits you. Something hits you!
* * * LOW HITPOINT WARNING * * *
Things that are here:
a +0 short sword; a stone You closely miss something.
Something hits you but does no damage. Something hits you.
* * * LOW HITPOINT WARNING * * *
You closely miss something. Something hits you.
You die...

####### #.....# #.....# #
###.....##....
............. ## #{....#
.... # ##..###)@...##....
.########............)..#
........[..............#
.....#####..........##..
..##..##............# #
....................#
...#######..........#
..## #..........# # ..#
##.<......## #.


There were no monsters in sight!

Vanquished Creatures
  2 dart slugs
  5 endoplasms
  3 goblins (D:1)
  A hobgoblin (D:1)
  5 kobolds
  2 quokkas (D:1)
  5 ball pythons
  A bat (D:1)
  4 frilled lizards
  A rat (D:1)
29 creatures vanquished.

Notes
Turn   | Place    | Note
-------+----------+-------------------------------------------
     0 | D:1      | Gitty the Minotaur Berserker began the quest for the Orb.
     0 | D:1      | Reached XP level 1. HP: 19/19 MP: 0/0
    96 | D:1      | Reached XP level 2. HP: 27/27 MP: 1/1
   416 | D:1      | Reached ** piety under Trog
   759 | D:2      | Found a faded altar of an unknown god.
   772 | D:2      | Identified the ring "Qoxtej" {rElec rPois}
   777 | D:2      | Reached XP level 3. HP: 31/33 MP: 2/2
  1046 | D:2      | Found a blossoming altar of Fedhas.
  1059 | D:2      | Noticed Sigmund
  1078 | D:2      | Slain by Sigmund

Illustrated notes

Levels and vault maps discovered:
D:1:      dreamdust_arrival_sigmund_warning, layout_loops_cross
D:2:      layout_rooms, basic_altar, ebering_ecumenical_altar_petrified,
          uniq_sigmund

Skill      XL: |  1  2 |
---------------+-------+-----
Fighting       | 4 |  4.2
Axes           | 4 |  4.3
Armour         | |  2.4
Dodging        | |  2.6
Stealth        | |  0.2

Action                   || total
-------------------------++-------
Melee: Hand axe          ||    45
       Headbutt          ||     4
Invok: Berserk           ||     1
 Stab: Sleeping          ||     1
Armor: Animal skin       ||     3
       Ring mail         ||     7
Dodge: Dodged            ||    27

Table legend: (Time is in decaauts)
 A = Elapsed time spent in this place.
 B = Non-inter-level travel time spent in this place.
 C = Inter-level travel time spent in this place.
 D = Time resting spent in this place.
 E = Time spent auto-exploring this place.
 F = Levels seen in this place.
 G = Mean time per level.
                   A        B        C        D        E       F      G
               +--------+--------+--------+--------+--------+-----+--------+
         Total |   1082 |   1052 |     30 |      0 |    751 |   2 |  541.0 |
       Dungeon |   1082 |   1052 |     30 |      0 |    751 |   2 |  541.0 |
               +--------+--------+--------+--------+--------+-----+--------+

Top non-repeatable levels by time:
     D:1: 756 daAuts
     D:2: 326 daAuts
